 Dungeon Crawl Stone Soup version 0.29.0-4-gdea44cf6ec (webtiles) character file.

Game seed: 11533143960860293471

2438 qw the Cleaver (level 9, -6/81 HPs)
             Began as a Minotaur Berserker on Sept 9, 2022.
             Was a Priest of Trog.
             Shot with an arrow by a centaur (9 damage)
             ... on level 7 of the Dungeon.
             The game lasted 00:02:53 (10197 turns).

qw the Cleaver (Minotaur Berserker)                Turns: 10197, Time: 00:02:53

Health: -6/81      AC: 16    Str: 29    XL:     9   Next: 25%
Magic:  8/8        EV:  9    Int:  4    God:    Trog [***...]
Gold:   176        SH:  0    Dex: 10    Spells: 8/8 levels left

rFire   . . .      SeeInvis .   m - +0 war axe
rCold   + . .      Faith    .   (no shield)
rNeg    + . .      Spirit   .   b - +0 chain mail of Cowardice {rN+}
rPois   .          Reflect  .   (helmet restricted)
rElec   .          Harm     .   i - +2 cloak
rCorr   .          Rampage  .   d - +2 pair of gloves
Will    +....                   (no boots)
Stlth   ..........              (no amulet)
HPRegen 0.23/turn               a - ring of willpower
MPRegen 0.11/turn               c - ring "Gutegy" {rC+ Str+3}

@: about to teleport
A: horns 2, retaliatory headbutt
a: Renounce Religion, Berserk, Trog's Hand


You were on level 7 of the Dungeon.
You worshipped Trog.
Trog was most pleased with you.
You visited 1 branch of the dungeon, and saw 7 of its levels.
You also visited: Sewer.

You collected 366 gold pieces.
You spent 190 gold pieces at shops.


Innate Abilities, Weirdness & Mutations

You have a pair of horns on your head.
You reflexively headbutt those who attack you in melee.


   Skills:
 - Level 8.0 Fighting
 + Level 12.6 Axes
 - Level 5.2 Armour
 - Level 2.1 Dodging


You had 8 spell levels left.
You didn't know any spells.
Your spell library was empty.

Inventory:

Hand Weapons
 f - a +2 flail of holy wrath
 m - a +0 war axe (weapon)
Armour
 b - the +0 chain mail of Cowardice (worn) {rN+}
   (You found it on level 3 of the Dungeon)

   rN:        It protects you from negative energy.
 d - a +2 pair of gloves (worn)
 i - a +2 cloak (worn)
Jewellery
 a - a ring of willpower (left hand)
 c - the ring "Gutegy" (right hand) {rC+ Str+3}
   (You found it on level 2 of the Dungeon)

   [ring of protection from cold]

   Str:       It affects your strength (+3).
   rC:        It protects you from cold.
 g - a ring of willpower
Scrolls
 h - 3 scrolls of identify
 k - 3 scrolls of teleportation
Potions
 e - a potion of cancellation
 j - a potion of mutation
 l - a potion of haste

Dungeon Overview and Level Annotations

Branches:
Dungeon (7/15)              Sewer (visited)
 Temple: D:4-7

Altars:
Hepliaklqana
Okawaru
Sif Muna

Shops:
D:3 ?   D:5 =

Annotations:
D:3 1 runed translucent door, Crazy Yiuf


Message History

You climb downwards.
The centaur shoots an arrow.
The arrow closely misses you.
The centaur shoots an arrow.
The arrow hits you but does no damage.
The centaur shoots an arrow.
The arrow hits you but does no damage.
The centaur shoots an arrow.
The arrow hits you.
There is a stone staircase leading up, spattered with blood here.
The centaur shoots an arrow.
The arrow closely misses you.
The centaur shoots an arrow.
The arrow hits you but does no damage.
The centaur shoots an arrow.
The arrow hits you but does no damage.
The centaur shoots an arrow.
The arrow hits you!
The centaur shoots an arrow.
The arrow hits you but does no damage.
The centaur shoots an arrow.
The arrow hits you!
The centaur shoots an arrow.
The arrow barely misses you.
The centaur shoots an arrow.
The arrow hits you.
The centaur shoots an arrow.
The arrow hits you but does no damage.
The centaur shoots an arrow.
The arrow hits you but does no damage.
The centaur shoots an arrow.
The arrow hits you but does no damage.
The centaur shoots an arrow.
The arrow hits you.
The centaur shoots an arrow.
The arrow hits you.
The centaur shoots an arrow.
The arrow hits you but does no damage.
The centaur shoots an arrow.
The arrow hits you.
The centaur shoots an arrow.
The arrow completely misses you.
The centaur shoots an arrow.
The arrow completely misses you.
The centaur shoots an arrow.
The arrow hits you but does no damage.
The centaur shoots an arrow.
The arrow hits you but does no damage.
The centaur shoots an arrow.
The arrow hits you but does no damage.
The centaur shoots an arrow.
The arrow hits you.
The centaur shoots an arrow.
The arrow hits you.
The centaur shoots an arrow.
The arrow hits you but does no damage.
The centaur shoots an arrow.
The arrow hits you!
10194 ||| READING 4 scrolls of teleportation.
As you read the scroll of teleportation, it crumbles to dust.
You feel strangely unstable.
The centaur shoots an arrow.
The arrow closely misses you.
The centaur shoots an arrow.
The arrow hits you.
The centaur shoots an arrow.
The arrow hits you.
The centaur shoots an arrow.
The arrow hits you.
The centaur shoots an arrow.
The arrow closely misses you.
The centaur shoots an arrow.
The arrow hits you.
The centaur shoots an arrow.
The arrow hits you but does no damage.
The centaur shoots an arrow.
The arrow hits you!
You die...

### ##.## ##.#)##
###.###.#######
#..##@.:.......
####.#.#[#.#######
.~~~~~~........#
~~~~~~~~~~.###.#
~~~~..~~~~~~# #
~~~.####c~~~~#
~~~. ##c~~~~# ~~~
#cc~~~# ...~~~#


You could see 4 centaurs.

Vanquished Creatures
  Pikel (D:6)
  Grinder (D:5)
  Sigmund (D:5)
  A steam dragon (D:7)
  Edmund (D:6)
  A sky beast (D:6)
  2 black bears
  3 centaurs
  3 lemures (D:6)
  A phantom (D:4)
  2 scorpions
  2 hounds (D:5)
  2 jellies (D:5)
  An orc priest (D:4)
  4 iguanas (D:5)
  An orc wizard (D:3)
  Robin (D:4)
  9 adders
  4 gnolls (D:5)
  6 river rats (Sewer)
  A shadow imp (D:5)
  3 white imps
  5 worms
  7 dart slugs
  20 orcs
  14 bats
  9 endoplasms
  9 giant cockroaches
  15 goblins
  11 hobgoblins
  9 jackals
  7 kobolds
  6 quokkas
  16 ball pythons
  7 frilled lizards
  3 rats
189 creatures vanquished.

Notes
Turn   | Place    | Note
-------+----------+-------------------------------------------
     0 | D:1      | qw the Minotaur Berserker began the quest for the Orb.
     0 | D:1      | Reached XP level 1. HP: 19/19 MP: 0/0
     0 | D:1      | 0 ||| qw: Version: 0.1-a-113-g051387a
     0 | D:1      | 0 ||| qw: Game counter: 6934
     0 | D:1      | 0 ||| qw: Always use a shield: true
     0 | D:1      | 0 ||| qw: Do Orc after D:15 true
     0 | D:1      | 0 ||| qw: Do second Lair branch before Depths: true
     0 | D:1      | 0 ||| qw: Lair rune preference: random
     0 | D:1      | 0 ||| qw: Plans: Normal
     0 | D:1      | 0 ||| PLANNING D:1-11
    53 | D:1      | Found a faded altar of an unknown god.
    68 | D:1      | 68 ||| Stepping ~*~*~tactically~*~*~ (stealth).
    70 | D:1      | 70 ||| Stepping ~*~*~tactically~*~*~ (stealth).
   123 | D:1      | Reached skill level 4 in Axes
   162 | D:1      | Reached XP level 2. HP: 21/26 MP: 1/1
   225 | D:1      | 225 ||| DROPPING +0 club.
   273 | D:1      | 273 ||| Stepping ~*~*~tactically~*~*~ (stealth).
   307 | D:1      | Reached skill level 5 in Axes
   325 | D:1      | Reached ** piety under Trog
   376 | D:1      | Reached XP level 3. HP: 27/31 MP: 2/2
   718 | D:1      | 718 ||| UPGRADING to +0 leather armour.
   728 | D:1      | 728 ||| DROPPING +0 animal skin.
   729 | D:1      | 729 ||| READING 2 scrolls labelled CAVOC QECO.
   730 | D:1      | 730 ||| READING scroll labelled DEODDU UDUUWKY.
   733 | D:1      | 733 ||| READING scroll labelled HOZECAO LANIZO.
   734 | D:1      | 734 ||| READING scroll labelled TORUOLL AHYU.
   735 | D:1      | 735 ||| READING 2 scrolls labelled QILESE SYNWEY.
   736 | D:1      | 736 ||| READING scroll labelled YGECYN FOONU.
   737 | D:1      | 737 ||| DRINKING 2 fuming grey potions.
   738 | D:1      | 738 ||| DROPPING scroll of fear.
   739 | D:1      | 739 ||| DROPPING potion of attraction.
   740 | D:1      | 740 ||| DROPPING scroll of blinking.
   741 | D:1      | 741 ||| Stepping randomly (stuck).
   742 | D:1      | 742 ||| Stepping ~*~*~tactically~*~*~ (cloud).
   749 | D:1      | HP: 7/31 [poisoned by you (poison gas)]
  1080 | D:2      | 1080 ||| INVOKING Berserk.
  1622 | D:2      | You fall into a shaft and drop 1 floor!
  1623 | D:3      | 1623 ||| PLANNING SEWER
  1633 | D:3      | 1633 ||| INVOKING Berserk.
  1635 | D:3      | Reached skill level 6 in Axes
  1635 | D:3      | Reached XP level 4. HP: 39/39 MP: 3/3
  1744 | D:3      | Found a glowing drain.
  1745 | D:3      | 1745 ||| UPGRADING to ring of willpower.
  1764 | D:3      | Noticed a centaur
  1765 | D:3      | 1765 ||| READING scroll of teleportation.
  1776 | D:3      | Noticed a black bear
  1781 | D:3      | 1781 ||| INVOKING Berserk.
  1784 | D:3      | Killed a black bear
  1785 | D:3      | Reached skill level 7 in Axes
  1785 | D:3      | Reached XP level 5. HP: 45/45 MP: 4/4
  1800 | D:3      | HP: 11/45 [centaur (2)]
  1801 | D:3      | Killed a centaur
  2061 | Sewer    | Entered a sewer
  2106 | Sewer    | 2106 ||| INVOKING Berserk.
  2112 | Sewer    | Reached XP level 6. HP: 35/55 MP: 5/5
  2560 | Sewer    | 2560 ||| INVOKING Berserk.
  2614 | Sewer    | 2614 ||| INVOKING Berserk.
  2995 | Sewer    | 2995 ||| Stepping ~*~*~tactically~*~*~ (stealth).
  3006 | Sewer    | Reached skill level 8 in Axes
  3198 | Sewer    | 3198 ||| READING scroll labelled XUAHORCHO QIORI.
  3199 | Sewer    | 3199 ||| READING scroll labelled MYNIRGH UNAUPH.
  3200 | Sewer    | 3200 ||| READING scroll labelled NIUNOTESKO.
  3201 | Sewer    | 3201 ||| READING 2 scrolls of identify.
  3201 | Sewer    | 3201 ||| IDENTIFYING yellow potion
  3202 | Sewer    | 3202 ||| DROPPING potion of ambrosia.
  3203 | Sewer    | 3203 ||| DROPPING potion of flight.
  3226 | D:3      | 3226 ||| PLANNING D:1-11
  3365 | D:2      | Identified the ring "Gutegy" {rC+ Str+3}
  3520 | D:2      | 3520 ||| UPGRADING to +1 pair of gloves.
  3525 | D:2      | 3525 ||| UPGRADING to ring "Gutegy" {rC+ Str+3}.
  3526 | D:2      | 3526 ||| READING scroll labelled OSTREBB ROMIFY.
  3527 | D:2      | 3527 ||| READING 2 scrolls of identify.
  3527 | D:2      | 3527 ||| IDENTIFYING clear potion
  3613 | D:3      | Identified the +0 chain mail of Cowardice {rN+}
  3620 | D:3      | Found Petheham's Magic Scroll Boutique.
  3621 | D:3      | 3621 ||| Stepping ~*~*~tactically~*~*~ (stealth).
  3622 | D:3      | 3622 ||| Stepping ~*~*~tactically~*~*~ (hiding).
  3625 | D:3      | 3625 ||| Stepping ~*~*~tactically~*~*~ (hiding).
  3633 | D:3      | Reached *** piety under Trog
  3635 | D:3      | 3635 ||| Stepping ~*~*~tactically~*~*~ (stealth).
  3636 | D:3      | 3636 ||| Stepping ~*~*~tactically~*~*~ (stealth).
  3644 | D:3      | 3644 ||| Stepping ~*~*~tactically~*~*~ (stealth).
  3715 | D:3      | 3715 ||| Stepping ~*~*~tactically~*~*~ (stealth).
  3732 | D:3      | 3732 ||| DROPPING +2 whip of flaming.
  3739 | D:3      | 3739 ||| BUYING scroll of enchant armour (75 gold).
  3739 | D:3      | Bought a scroll of enchant armour for 75 gold pieces
  3739 | D:3      | 3739 ||| BUYING scroll of enchant armour (75 gold).
  3739 | D:3      | Bought a scroll of enchant armour for 75 gold pieces
  3739 | D:3      | 3739 ||| BUYING scroll of identify (20 gold).
  3739 | D:3      | Bought a scroll of identify for 20 gold pieces
  3739 | D:3      | 3739 ||| BUYING scroll of identify (20 gold).
  3739 | D:3      | Bought a scroll of identify for 20 gold pieces
  3739 | D:3      | 3739 ||| READING 2 scrolls of enchant armour.
  3739 | D:3      | 3739 ||| ENCHANTING +1 pair of gloves.
  3799 | D:3      | 3799 ||| Stepping ~*~*~tactically~*~*~ (stealth).
  3824 | D:3      | 3824 ||| Stepping ~*~*~tactically~*~*~ (hiding).
  3825 | D:3      | 3825 ||| Stepping ~*~*~tactically~*~*~ (hiding).
  3999 | D:3      | Found a runed translucent door.
  4000 | D:3      | Noticed Crazy Yiuf
  4046 | D:3      | 4046 ||| Stepping ~*~*~tactically~*~*~ (stealth).
  4079 | D:3      | 4079 ||| Stepping ~*~*~tactically~*~*~ (stealth).
  4259 | D:3      | 4259 ||| UPGRADING to +0 chain mail of Cowardice {rN+}.
  4269 | D:3      | 4269 ||| DROPPING +0 leather armour.
  4270 | D:3      | 4270 ||| READING scroll labelled BUNUDI CYNIF.
  4349 | D:4      | 4349 ||| Stepping ~*~*~tactically~*~*~ (stealth).
  4619 | D:4      | Found an iron altar of Okawaru.
  4626 | D:4      | 4626 ||| Stepping ~*~*~tactically~*~*~ (hiding).
  4628 | D:4      | 4628 ||| Stepping ~*~*~tactically~*~*~ (hiding).
  4637 | D:4      | Reached **** piety under Trog
  4648 | D:4      | Identified the +4 hand axe of Valuable Assets {pain,
                  | +Blink}
  4650 | D:4      | 4650 ||| DROPPING +4 hand axe of Valuable Assets {pain,
                  | +Blink}.
  4880 | D:4      | 4880 ||| INVOKING Berserk.
  4883 | D:4      | Reached skill level 9 in Axes
  4883 | D:4      | Reached XP level 7. HP: 58/60 MP: 6/6
  5033 | D:4      | 5033 ||| SWAPPING to +0 war axe.
  5034 | D:4      | 5034 ||| DROPPING +1 hand axe.
  5202 | D:4      | Found a shimmering blue altar of Sif Muna.
  5293 | D:4      | Reached skill level 3 in Armour
  5359 | D:4      | 5359 ||| Stepping ~*~*~tactically~*~*~ (stealth).
  5374 | D:4      | Noticed Robin
  5375 | D:4      | 5375 ||| INVOKING Berserk.
  5377 | D:4      | Killed Robin
  5495 | D:4      | 5495 ||| UPGRADING to +0 cloak.
  5500 | D:4      | 5500 ||| READING 2 scrolls of enchant armour.
  5500 | D:4      | 5500 ||| ENCHANTING +0 cloak.
  5501 | D:4      | 5501 ||| READING scroll of enchant armour.
  5501 | D:4      | 5501 ||| ENCHANTING +1 cloak.
  5539 | D:5      | Entered Level 5 of the Dungeon
  5621 | D:5      | 5621 ||| Stepping ~*~*~tactically~*~*~ (hiding).
  5798 | D:5      | 5798 ||| INVOKING Berserk.
  5995 | D:5      | Found Ucsiahius's Jewellery Shop.
  6006 | D:5      | Noticed Sigmund
  6007 | D:5      | 6007 ||| Stepping ~*~*~tactically~*~*~ (hiding).
  6010 | D:5      | 6010 ||| INVOKING Berserk.
  6013 | D:5      | Killed Sigmund
  6014 | D:5      | Reached skill level 10 in Axes
  6134 | D:5      | Noticed Grinder
  6135 | D:5      | 6135 ||| INVOKING Trog's Hand.
  6136 | D:5      | 6136 ||| INVOKING Berserk.
  6143 | D:5      | Killed Grinder
  6144 | D:5      | Reached XP level 8. HP: 68/68 MP: 7/7
  6313 | D:5      | 6313 ||| SHOPLISTING +4 ring of evasion (396 gold, have
                  | 117).
  6313 | D:5      | 6313 ||| SHOPLISTING +6 ring of strength (396 gold, have
                  | 117).
  6313 | D:5      | 6313 ||| SHOPLISTING amulet of regeneration (330 gold, have
                  | 117).
  6313 | D:5      | 6313 ||| SHOPLISTING ring of Lyunor {rF+ rCorr} (374 gold,
                  | have 117).
  6313 | D:5      | 6313 ||| SHOPLISTING ring of ice (275 gold, have 117).
  6313 | D:5      | 6313 ||| SHOPLISTING ring of resist corrosion (220 gold,
                  | have 117).
  6515 | D:5      | 6515 ||| INVOKING Berserk.
  6637 | D:5      | 6637 ||| Stepping ~*~*~tactically~*~*~ (stealth).
  6643 | D:5      | Reached skill level 6 in Fighting
  6690 | D:5      | 6690 ||| FLEEEEING.
  6697 | D:5      | 6697 ||| Stepping ~*~*~tactically~*~*~ (stealth).
  6700 | D:5      | 6700 ||| Stepping ~*~*~tactically~*~*~ (stealth).
  6724 | D:5      | 6724 ||| Stepping ~*~*~tactically~*~*~ (stealth).
  6725 | D:5      | 6725 ||| Stepping ~*~*~tactically~*~*~ (stealth).
  6726 | D:5      | 6726 ||| Stepping ~*~*~tactically~*~*~ (stealth).
  7182 | D:6      | 7182 ||| Stepping ~*~*~tactically~*~*~ (stealth).
  7193 | D:6      | 7193 ||| Stepping ~*~*~tactically~*~*~ (hiding).
  7194 | D:6      | 7194 ||| Stepping ~*~*~tactically~*~*~ (hiding).
  7195 | D:6      | 7195 ||| Stepping ~*~*~tactically~*~*~ (hiding).
  7197 | D:6      | 7197 ||| Stepping ~*~*~tactically~*~*~ (hiding).
  7198 | D:6      | Noticed Edmund
  7201 | D:6      | 7201 ||| INVOKING Berserk.
  7209 | D:6      | Killed Edmund
  7210 | D:6      | Reached skill level 11 in Axes
  7318 | D:6      | 7318 ||| DROPPING +0 flail.
  7437 | D:6      | 7437 ||| Stepping ~*~*~tactically~*~*~ (hiding).
  7650 | D:6      | 7650 ||| INVOKING Berserk.
  7652 | D:6      | Reached skill level 12 in Axes
  7804 | D:6      | Found a hazy altar of Hepliaklqana.
  7860 | D:6      | Noticed Pikel
  7861 | D:6      | 7861 ||| Stepping ~*~*~tactically~*~*~ (stealth).
  7863 | D:6      | 7863 ||| Stepping ~*~*~tactically~*~*~ (stealth).
  7943 | D:6      | 7943 ||| Stepping ~*~*~tactically~*~*~ (stealth).
  7946 | D:6      | 7946 ||| INVOKING Berserk.
  7951 | D:6      | Killed Pikel
  7952 | D:6      | Reached XP level 9. HP: 81/81 MP: 8/8
  8120 | D:6      | 8120 ||| DRINKING 2 sedimented dark potions.
  8121 | D:6      | 8121 ||| READING 4 scrolls of identify.
  8121 | D:6      | 8121 ||| IDENTIFYING silvery potion
  8122 | D:6      | 8122 ||| DROPPING potion of magic.
  8144 | D:7      | 8144 ||| PLANNING OSSUARY
  8170 | D:7      | 8170 ||| FLEEEEING.
  8171 | D:7      | 8171 ||| FLEEEEING.
  8172 | D:7      | 8172 ||| STAIRDANCE
  8367 | D:7      | 8367 ||| STAIRDANCE
  8475 | D:7      | 8475 ||| STAIRDANCE
  8550 | D:7      | 8550 ||| FLEEEEING.
  8551 | D:7      | 8551 ||| STAIRDANCE
  8630 | D:7      | 8630 ||| FLEEEEING.
  8631 | D:7      | 8631 ||| STAIRDANCE
  8747 | D:7      | 8747 ||| STAIRDANCE
  8835 | D:7      | 8835 ||| RIP OSSUARY
  8836 | D:7      | 8836 ||| PLANNING D:1-11
  8837 | D:7      | 8837 ||| STAIRDANCE
  8893 | D:7      | 8893 ||| STAIRDANCE
  8969 | D:7      | 8969 ||| STAIRDANCE
  9055 | D:7      | 9055 ||| STAIRDANCE
  9130 | D:7      | 9130 ||| STAIRDANCE
  9202 | D:7      | 9202 ||| FLEEEEING.
  9203 | D:7      | 9203 ||| STAIRDANCE
  9355 | D:7      | 9355 ||| STAIRDANCE
  9461 | D:7      | 9461 ||| STAIRDANCE
  9537 | D:7      | 9537 ||| INVOKING Berserk.
  9542 | D:7      | 9542 ||| STAIRDANCE
  9652 | D:7      | 9652 ||| STAIRDANCE
  9710 | D:7      | 9710 ||| FLEEEEING.
  9711 | D:7      | 9711 ||| STAIRDANCE
  9869 | D:7      | 9869 ||| STAIRDANCE
  9990 | D:7      | 9990 ||| STAIRDANCE
 10107 | D:7      | 10107 ||| STAIRDANCE
 10193 | D:7      | HP: 19/81 [centaur/arrow (12)]
 10194 | D:7      | 10194 ||| READING 4 scrolls of teleportation.
 10196 | D:7      | HP: 7/81 [centaur/arrow (6)]
 10196 | D:7      | HP: 3/81 [centaur/arrow (4)]
 10197 | D:7      | Shot with an arrow by a centaur

Levels and vault maps discovered:
D:1:      saegor_arrival_miasma, layout_rooms, ebering_ecumenical_altar_webs,
          minmay_cut_off
D:2:      layout_basic
D:3:      layout_rooms, gup_sewer_entry_glass, serial_shops,
          nicolae_shop_crystal, kennysheep_generic_room_13,
          uniq_crazy_yiuf_cottage
D:4:      layout_basic, okawaru_ov_weapons_minmay, lemuel_blue_sif_altar,
          uniq_robin
D:5:      minmay_inner_zag, layout_basic, nicolae_inconvenience_store,
          uniq_sigmund, uniq_grinder
D:6:      layout_rooms, mainiacjoe_overflow_tiny_flanked, serial_rivers,
          chequers_serial_rivers_micro_a, chequers_serial_rivers_micro_e,
          chequers_serial_rivers_marsh, chequers_serial_rivers_small_3,
          uniq_edmund, uniq_pikel
D:7:      layout_loops_ring, minmay_temple_entry_stoned_glass, enter_ossuary_3,
          centaur_isle

Skill      XL: |  1  2  3  4  5  6  7  8 |
---------------+-------------------------+-----
Axes           | 4 5 6 7 9 10 12 | 12.6
Fighting       | 4 5 8 |  8.0
Armour         | 5 |  5.2
Dodging        | |  2.1

Action                   |  1- 3 |  4- 6 |  7- 9 || total
-------------------------+-------+-------+-------++-------
Melee: Hand axe          |    76 |   200 |     9 ||   285
       Headbutt          |    14 |    27 |    28 ||    69
       Punch             |       |     2 |     2 ||     4
       War axe           |       |       |   155 ||   155
Invok: Berserk           |     2 |     5 |     9 ||    16
       Trog's Hand       |       |       |     1 ||     1
  Use: Scroll            |     6 |     9 |     4 ||    19
       Potion            |     1 |       |     1 ||     2
Armor: Animal skin       |     3 |       |       ||     3
       Leather armour    |     8 |    49 |       ||    57
       Chain mail        |       |    15 |   174 ||   189
Dodge: Dodged            |    41 |   114 |   133 ||   288

Table legend:
 A = Non-vault XP
 B = Vault XP
 C = Vault XP percentage of total XP
 D = Non-vault monster count
 E = Vault monster count
 F = Vault count percentage of total count
                 A         B        C        D         E       F
            +---------+---------+-------+---------+---------+-------
      Total |    1805 |    1679 |  48.2 |     127 |      59 |  31.7
            +---------+---------+-------+---------+---------+-------
        D:1 |      46 |       8 |  14.8 |      22 |       3 |  12.0
        D:2 |      41 |       0 |   0.0 |      16 |       0 |   0.0
        D:3 |     353 |       8 |   2.2 |      36 |       4 |  10.0
        D:4 |     225 |      37 |  14.1 |      28 |      12 |  30.0
        D:5 |     385 |     609 |  61.3 |      16 |       6 |  27.3
        D:6 |     472 |     829 |  63.7 |       7 |       2 |  22.2
        D:7 |     283 |       0 |   0.0 |       2 |       0 |   0.0
      Sewer |       0 |     188 | 100.0 |       0 |      32 | 100.0
            +---------+---------+-------+---------+---------+-------
